Map: Mech-Depot LE

Players

Panda - Winner!

  • Race: Zerg Zerg
  • League: Platinum
  • Spawn Location: 7:00

Jaay

  • Race: Terran Terran
  • Spawn Location: 1:00

VOD

Have the link to the VOD?

Description

Time

  • Played on: Aug. 31, 2017, 2:09 p.m.
  • Length: 4:02
Show
View Real Time Build Order
Export as new Build Order

Panda Zerg - Winner!

Build Orders: Pool Only 

Get SALT Encoding   

  12  0:18  Spawning Pool  
  11  0:21  Drone  
  11  0:26  Drone  
  13  0:31  Drone  
  13  0:35  Extractor  
  13  0:38  Drone  
  14  0:47  Overlord  
  14  0:54  Extractor, Drone  
  14  1:07  Drone  
  15  1:15  Drone  
  16  1:18  Roach Warren  
  15  1:30  Overlord  
  15  1:59  Roach x3  
  21  2:24  Ravager x3  
  21  2:28  Roach  
  26  2:31  Overlord  
  26  2:38  Roach  
  26  2:43  Roach  
  30  3:00  Roach  
  31  3:13  Roach  
  33  3:40  Roach x2  
Show
View Real Time Build Order
Export as new Build Order

Jaay Terran 

Build Orders: Reaper Expand 

Get SALT Encoding   

  12  0:01  SCV  
  13  0:13  SCV  
  14  0:19  Supply Depot  
  14  0:25  SCV  
  15  0:29  Refinery  
  15  0:41  SCV  
  16  0:45  Barracks  
  16  0:53  SCV  
  17  1:05  SCV  
  18  1:17  SCV  
  19  1:33  Orbital Command  
  19  1:34  Reaper  
  20  1:46  Command Center  
  20  1:55  Supply Depot  
  20  1:59  SCV  
  21  2:07  Marine  
  22  2:11  SCV  
  23  2:20  Factory  
  23  2:25  Marine, SCV  
  25  2:37  SCV  
  25  2:43  Marine  
  27  2:49  SCV  
  28  3:00  Marine  
  28  3:02  SCV  
  28  3:18  Cyclone  
  26  3:35  Marine  
  23  3:48  SCV x2  
Tags
 
League
Platinum
Matchup
TvZ
Replay Pack
replays1
Spawn Locations
Cross Positions
Add a new tag
Caveats
  • Supply blocks, unpowered buildings, or Contaminate may cause inaccurate times.
  • Supply counts are checked every 10 seconds.